 Dungeon Crawl Stone Soup version 0.17.1-1-g73c8601 (webtiles) character file.

112 zercules the Skirmisher (level 4, -2/41 HPs)
             Began as a Hill Orc Berserker on Mar 9, 2016.
             Was a Believer of Trog.
             Slain by Grinder (6 damage)
             ... on level 3 of the Dungeon.
             The game lasted 00:06:50 (2658 turns).

zercules the Skirmisher (Hill Orc Berserker)        Turns: 2658, Time: 00:06:50

Health: -2/41      AC:  3    Str: 19    XL:     4   Next: 93%
Magic:  4/4        EV: 12    Int:  7    God:    Trog [**....]
Gold:   80         SH:  0    Dex: 11    Spells: 0 memorised, 3 levels left

rFire  . . .     SeeInvis .     a - +0 mace
rCold  . . .     Clarity  .     k - +0 leather armour
rNeg   . . .     SustAt   .     (no shield)
rPois  .         Gourm    .     (no helmet)
rElec  .         Spirit   .     (no cloak)
rCorr  .         Warding  .     (no gloves)
rMut   .         Stasis   .     (no boots)
MR     .....                    (no amulet)
Stlth  +.........               (no ring)
                                (no ring)

@: exhausted, slowed, very slow, not resistant to hostile enchantments, very
unstealthy
A: no striking features
a: Berserk, Trog's Hand, Burn Spellbooks, Renounce Religion


You were on level 3 of the Dungeon.
You worshipped Trog.
Trog was pleased with you.
You were hungry.

You visited 1 branch of the dungeon, and saw 3 of its levels.

You collected 80 gold pieces.

Inventory:

Hand Weapons
 a - a +0 mace (weapon)
 g - a +0 hunting sling
Missiles
 d - 97 stones (quivered)
Armour
 b - a +0 animal skin
 k - a +0 leather armour (worn)
Scrolls
 j - a scroll of identify {unknown}
 l - 2 scrolls of magic mapping
 o - a scroll of remove curse {unknown}
Potions
 e - a potion of curing
 h - a potion of heal wounds
 n - a potion of cancellation {unknown}
Books
 p - a book of Ice

   Spells                             Type                      Level
   a - Ice Form                       Ice/Transmutation            4
   b - Metabolic Englaciation         Hexes/Ice                    5
   c - Ozocubu's Refrigeration        Ice                          6
   d - Bolt of Cold                   Conjuration/Ice              6
   e - Freezing Cloud                 Conjuration/Ice/Air          6
   f - Simulacrum                     Ice/Necromancy               6
   Trog disapproves of the use of such an item.
Comestibles
 c - 4 bread rations
 f - 3 chunks of flesh
 i - 2 meat rations
 m - a slice of pizza


   Skills:
 + Level 4.8 Fighting
 + Level 4.1 Maces & Flails
 + Level 3.4 Armour
 - Level 1.8 Dodging
 - Level 0.1 Stealth


You had 3 spell levels left.
You didn't know any spells.

Dungeon Overview and Level Annotations

Branches:
Dungeon (3/15)

Altars:
Okawaru

Annotations:
D:3 Grinder


Message History

Pain shoots through your body! Grinder hits you.
You writhe in agony.
* * * LOW HITPOINT WARNING * * *
You are no longer berserk.
You feel yourself slow down.
You are feeling hungry.
Grinder says, "Just stop there for a second..."
Grinder hits you.
* * * LOW HITPOINT WARNING * * *
You writhe in agony.
* * * LOW HITPOINT WARNING * * *
Grinder says, "DUCK!"
Grinder gestures at you.
You shrug off the repeated paralysis!
You can move again.
You hit Grinder.
Grinder is heavily wounded.
Grinder hits you.
* * * LOW HITPOINT WARNING * * *
You writhe in agony.
You die...

.########..# .# #..##
.# ###.## .# #...# .#
#.### # .# ##.# .. .#
#..# ######.##. .#
#.## ###?........
.####.# ##...@5..#
...[..# ##..#.....#
.###..#####..#.....##
#....รท..........#
.....##.###.########
#...##......#
#........####
##........ #####.....


You could see Grinder.

Vanquished Creatures
  6 adders
  An ooze (D:2)
  3 worms
  5 giant geckos
  4 bats
  3 giant cockroaches
  3 goblins
  A hobgoblin (D:1)
  4 jackals (D:2)
  3 ball pythons
  2 giant newts
  3 kobolds (D:1)
  A quokka (D:2)
  3 rats
42 creatures vanquished.

Notes
Turn   | Place    | Note
--------------------------------------------------------------
     0 | D:1      | zercules the Hill Orc Berserker began the quest for the Orb.
     0 | D:1      | Reached XP level 1. HP: 19/19 MP: 1/1
   265 | D:1      | Reached XP level 2. HP: 25/27 MP: 2/2
   278 | D:1      | Reached skill level 4 in Fighting
  1200 | D:2      | Reached XP level 3. HP: 14/33 MP: 3/3
  1459 | D:2      | HP: 1/34 [poisoned by an adder]
  1740 | D:2      | Reached ** piety under Trog
  1783 | D:2      | Reached XP level 4. HP: 39/41 MP: 4/4
  2031 | D:2      | Found an iron altar of Okawaru.
  2644 | D:3      | Noticed Grinder
  2650 | D:3      | Paralysed by Grinder for 7 turns
  2658 | D:3      | Slain by Grinder

Action                   |  1- 3 |  4- 6 || total
-------------------------+-------+-------++-------
Melee: Mace              |   120 |    56 ||   176
Throw: Stone             |     1 |       ||     1
Invok: Berserk           |     2 |     4 ||     6
  Use: Potion            |     3 |       ||     3
       Scroll            |     2 |       ||     2
 Stab: Sleeping          |     2 |     1 ||     3
  Eat: Chunk             |     4 |     7 ||    11
